 Dungeon Crawl Stone Soup version 0.22-a0-15-g4f60a598d5 (webtiles) character file.

446 Kaname the Conjurer (level 6, -3/41 HPs)
             Began as a Demonspawn Wizard on Jan 2, 2018.
             Was an Initiate of Vehumet.
             Shot with an arrow by a centaur (6 damage)
             ... on level 6 of the Dungeon.
             The game lasted 00:15:02 (4250 turns).

Kaname the Conjurer (Demonspawn Wizard)             Turns: 4250, Time: 00:15:03

Health: -3/41      AC:  7    Str:  7    XL:     6   Next: 73%
Magic:  4/11       EV: 12    Int: 28    God:    Vehumet [......]
Gold:   255        SH:  0    Dex: 11    Spells: 3/12 levels left

rFire    + . .     SeeInvis .   f - +0 short sword
rCold    + . .     Gourm    .   (no shield)
rNeg     . . .     Faith    .   l - +2 robe {rF+}
rPois    +         Spirit   .   b - +0 hat
rElec    .         Reflect  .   (no cloak)
rCorr    .         Harm     .   A - +2 pair of gloves
MR       .....                  (no boots)
Stlth    ++........             y - amulet of rage
HPRegen  0.13/turn              q - +6 ring of intelligence
MPRegen  0.12/turn              j - ring of poison resistance

@: no status effects
A: antennae 2, cold resistance 1
a: Renounce Religion, Evoke Berserk Rage


You were on level 6 of the Dungeon.
You worshipped Vehumet.
Vehumet was noncommittal.
You were hungry.

You visited 1 branch of the dungeon, and saw 6 of its levels.

You collected 255 gold pieces.

Inventory:

Hand Weapons
 f - a +0 short sword (weapon)
Missiles
 n - 2 throwing nets (quivered)
Armour
 b - a +0 hat (worn)
 l - a +2 robe of fire resistance (worn)
 A - a +2 pair of gloves (worn)
Jewellery
 j - a ring of poison resistance (right hand)
 q - a +6 ring of intelligence (left hand)
 y - an amulet of rage (around neck)
Wands
 t - a wand of scattershot (5)
 u - a wand of flame (20)
Scrolls
 a - a scroll of summoning {unknown}
 e - a scroll of fear
 p - 4 scrolls of remove curse
 r - 2 scrolls of magic mapping
 v - a scroll of blinking {unknown}
 x - a scroll of teleportation {unknown}
Potions
 c - a potion of curing {unknown}
 h - a potion of cancellation {unknown}
 k - 2 potions of invisibility
 m - 2 potions of brilliance {unknown}
 o - a potion of ambrosia {unknown}
 s - a potion of mutation {unknown}
 z - a potion of flight {unknown}
Books
 g - a book of Frost

   Spells                             Type                      Level
   a - Freeze                         Ice                          1
   b - Throw Frost                    Conjuration/Ice              2
   c - Ozocubu's Armour               Charms/Ice                   3
   d - Throw Icicle                   Conjuration/Ice              4
   e - Summon Ice Beast               Ice/Summoning                4
Comestibles
 d - 13 rations
 w - a chunk of flesh


   Skills:
 - Level 1.7 Dodging
 - Level 1.7 Stealth
 + Level 3.5 Spellcasting
 - Level 5.0 Conjurations
   Level 1.0 Summonings
 - Level 1.0 Translocations
 - Level 2.0 Fire Magic
 - Level 2.0 Air Magic
 - Level 2.0 Poison Magic


You had 3 spell levels left.
You knew the following spells:

 Your Spells              Type           Power        Failure   Level  Hunger
a - Magic Dart            Conj           ####         1%          1    None
b - Blink                 Tloc           N/A          8%          2    None
c - Mephitic Cloud        Conj/Pois/Air  ###.....     7%          3    ##.....
d - Conjure Flame         Conj/Fire      ####....     5%          3    ##.....


Dungeon Overview and Level Annotations

Branches:
Dungeon (6/15)
 Temple: D:4-7

Altars:
Dithmenos
Fedhas
Vehumet


Innate Abilities, Weirdness & Mutations

You have a pair of antennae on your head.
Your flesh is cold resistant. (rC+)


Message History

You hit the orc priest.
The orc priest is almost dead.
A centaur comes into view.
Casting: Magic Dart
Confirm with . or Enter, or press ? or * to list all spells.
Aiming: Magic Dart
Press: ? - help, Shift-Dir - straight line, f/p - orc priest
Aim: an orc priest, wielding a flail (almost dead, confused)
The magic dart hits the orc priest.
You kill the orc priest!
Vehumet accepts your kill.
The centaur wields a shortbow.
The centaur shoots an arrow.
The arrow hits you!
You see here an arrow.
The centaur shoots an arrow.
The arrow hits you. The orc closely misses you.
There is a stone staircase leading up here.
You see here an arrow.
The centaur shoots an arrow.
The arrow hits you!
* * * LOW HITPOINT WARNING * * *
The centaur shoots an arrow.
The arrow hits you.
You die...

#### ..####
##....#####
####..........
#...@(..#.###
.....##.o..#
#### ##)...#
#.#.## #.#o#
#c#.# #.#o#
..h..


You could see a centaur, a howler monkey (wandering) and 2 orcs.

Vanquished Creatures
  A scorpion (D:5)
  2 crimson imps (D:4)
  A hound (D:5)
  An orc priest (D:6)
  A bullfrog skeleton (D:4)
  2 worker ants (D:5)
  6 adders
  2 shadow imps (D:5)
  2 oozes
  An adder zombie (D:5)
  A worm (D:3)
  4 dart slugs
  4 leopard geckos
  11 orcs
  4 giant cockroaches
  4 goblins
  4 hobgoblins
  8 jackals
  A quokka (D:5)
  3 ball pythons
  7 bats
  8 frilled lizards
  10 kobolds
  A leopard gecko skeleton (D:4)
  A quokka skeleton (D:5)
  10 rats
100 creatures vanquished.

Notes
Turn   | Place    | Note
-------+----------+-------------------------------------------
     0 | D:1      | Kaname the Demonspawn Wizard began the quest for the Orb.
     0 | D:1      | Reached XP level 1. HP: 13/13 MP: 4/4
   215 | D:1      | Reached skill level 2 in Conjurations
   244 | D:1      | Gained mutation: You have a pair of small antennae on your head. [demonic ancestry]
   244 | D:1      | Reached XP level 2. HP: 8/19 MP: 0/6
   637 | D:1      | Reached skill level 3 in Conjurations
   641 | D:1      | Learned a level 2 spell: Blink
   678 | D:1      | Reached XP level 3. HP: 18/24 MP: 4/7
   683 | D:1      | Learned a level 3 spell: Mephitic Cloud
   780 | D:1      | Reached skill level 1 in Translocations
   956 | D:2      | Reached skill level 1 in Poison Magic
  1134 | D:2      | Reached skill level 1 in Air Magic
  1479 | D:2      | Reached XP level 4. HP: 24/30 MP: 6/8
  1487 | D:2      | Learned a level 3 spell: Conjure Flame
  1998 | D:3      | Reached skill level 4 in Conjurations
  2648 | D:4      | Found a blossoming altar of Fedhas.
  2657 | D:4      | Found a shadowy altar of Dithmenos.
  2724 | D:4      | Gained mutation: You have a pair of antennae on your head. [demonic ancestry]
  2724 | D:4      | Reached XP level 5. HP: 35/35 MP: 5/9
  2780 | D:4      | Found a radiant altar of Vehumet.
  2791 | D:4      | Became a worshipper of Vehumet
  2908 | D:5      | Entered Level 5 of the Dungeon
  3209 | D:4      | Reached skill level 1 in Fire Magic
  3487 | D:5      | Gained mutation: Your flesh is cold resistant. (rC+) [demonic ancestry]
  3487 | D:5      | Reached XP level 6. HP: 31/41 MP: 4/10
  3984 | D:5      | Reached skill level 5 in Conjurations
  4250 | D:6      | Shot with an arrow by a centaur

Vault maps used:
D:1:      eino_arrival_water_star, hex_medium, minivault_4,
          minmay_misc_feat_diagonals
D:2:      first_ration, st_stairs_7
D:3:      feat_on_display
D:4:      amethyst_overflow_temple_binary, vehumet_altar_wand_db
D:5:      grunt_ministairs_7
D:6:      minmay_temple_entry_fiery, uniq_menkaure

Skill      XL: |  1  2  3  4  5  6 |
---------------+-------------------+-----
Conjurations   | 2 3 4 5 |  5.0
Translocations | 1 |  1.0
Poison Magic   | 1 2 |  2.0
Air Magic      | 1 2 |  2.0
Fire Magic     | 2 |  2.0
Dodging        | |  1.7
Stealth        | |  1.7
Spellcasting   | |  3.5
Summonings     | |  1.0

Action                   |  1- 3 |  4- 6 || total
-------------------------+-------+-------++-------
Melee: Short sword       |    49 |    98 ||   147
 Cast: Magic Dart        |    81 |   151 ||   232
       Conjure Flame     |       |     1 ||     1
       Mephitic Cloud    |       |     2 ||     2
Evoke: Wand              |       |     2 ||     2
  Use: Scroll            |       |     6 ||     6
 Stab: Sleeping          |     2 |     1 ||     3
  Eat: Chunk             |     1 |     9 ||    10
Armor: Robe              |    27 |    22 ||    49
Dodge: Dodged            |    62 |    92 ||   154

Table legend:
 A = Spawn XP
 B = Non-spawn XP
 C = Spawn XP percentage of total XP
 D = Spawn monster count
 E = Non-spawn monster count
 F = Spawn count percentage of total count
 G = Total turns spent on level
                    A         B        C        D         E        F      G
               +---------+---------+-------+---------+---------+-------+---------
         Total |       0 |     638 |   0.0 |       0 |     100 |   0.0 |  4250
               +---------+---------+-------+---------+---------+-------+---------
           D:1 |       0 |      49 |   0.0 |       0 |      29 |   0.0 |   902
           D:2 |       0 |      48 |   0.0 |       0 |      22 |   0.0 |   689
           D:3 |       0 |      63 |   0.0 |       0 |      17 |   0.0 |   901
           D:4 |       0 |     162 |   0.0 |       0 |      11 |   0.0 |   904
           D:5 |       0 |     273 |   0.0 |       0 |      20 |   0.0 |   844
           D:6 |       0 |      43 |   0.0 |       0 |       1 |   0.0 |    10
               +---------+---------+-------+---------+---------+-------+---------
